 Dungeon Crawl Stone Soup version 0.24-a0-378-g94936e539c (webtiles) character file.

Game seed: 1158738825915276230

1039 theanonym the Magician (level 8, -3/52 HPs)
             Began as a Mummy Necromancer on June 1, 2019.
             Was an Initiate of Kikubaaqudgha.
             Slain by a hippogriff (4 damage)
             ... on level 6 of the Dungeon.
             The game lasted 00:12:12 (6161 turns).

theanonym the Magician (Mummy Necromancer)          Turns: 6161, Time: 00:12:12

Health: -3/52      AC:  5    Str: 11    XL:     8   Next: 4%
Magic:  6/18       EV: 11    Int: 17    God:    Kikubaaqudgha [......]
Gold:   237        SH:  0    Dex: 12    Spells: 12/21 levels left

rFire    x . .     SeeInvis .   b - +4 mace (venom)
rCold    + . .     Gourm    .   (no shield)
rNeg     + + +     Faith    .   f - +0 leather armour (curse)
rPois    ∞         Spirit   .   (no helmet)
rElec    .         Reflect  .   (no cloak)
rCorr    .         Harm     .   h - +1 pair of gloves
MR       ++...                  (no boots)
Stlth    +.........             (no amulet)
HPRegen  0.17/turn              d - ring of protection from magic
MPRegen  0.16/turn              k - +5 ring of slaying

@: very slightly contaminated
A: no food or potions, fire vulnerability, cold resistance 1, negative energy
resistance 3, torment resistance, unbreathing
a: Renounce Religion


Innate Abilities, Weirdness & Mutations

You do not eat or drink.
Your flesh is vulnerable to fire.
You are immune to poison.
Your flesh is cold resistant. (rC+)
You are immune to negative energy. (rN+++)
You are immune to unholy pain and torment.
You can survive without breathing.


   Skills:
 + Level 3.7 Armour
 - Level 1.5 Dodging
 - Level 1.5 Stealth
 + Level 7.2 Spellcasting
 + Level 7.0 Necromancy


You had 12 spell levels left.
You knew the following spells:

 Your Spells              Type           Power        Failure   Level  Hunger
a - Pain                  Necr           ####         1%          1    N/A
b - Animate Dead          Necr           N/A          9%          4    N/A
c - Vampiric Draining     Necr           ####......   2%          3    N/A
e - Animate Skeleton      Necr           N/A          1%          1    N/A

Your spell library contained the following spells:

 Spells                   Type           Power        Failure   Level  Hunger
 Throw Flame              Conj/Fire      #.....       22%         2    N/A
 Conjure Flame            Conj/Fire      #.......     41%         3    N/A
 Excruciating Wounds      Chrm/Necr      ###.......   67%         5    N/A
 Orb of Destruction       Conj           #.........   100%        7    N/A
 Regeneration             Chrm/Necr      Unusable     N/A         3    N/A

Skill      XL: |  1  2  3  4  5  6  7  8 |
---------------+-------------------------+-----
Spellcasting   | 3 4 5 6 7 |  7.2
Necromancy     | 5 6 7 |  7.0
Armour         | 1 2 3 |  3.7
Dodging        | |  1.5
Stealth        | |  1.5

Action                   |  1- 3 |  4- 6 |  7- 9 || total
-------------------------+-------+-------+-------++-------
Melee: Unarmed           |    11 |       |       ||    11
       Short sword       |    19 |    36 |       ||    55
       Mace              |       |     1 |     8 ||     9
       Dagger            |       |       |    14 ||    14
Throw: Throwing net      |       |     2 |     1 ||     3
 Cast: Pain              |    81 |    68 |    50 ||   199
       Animate Skeleton  |    21 |     3 |       ||    24
       Animate Dead      |       |     5 |     6 ||    11
       Vampiric Draining |       |     2 |     4 ||     6
Evoke: Wand              |       |       |     1 ||     1
  Use: Scroll            |     6 |     3 |       ||     9
 Stab: Held in net/web   |       |     1 |     1 ||     2
       Sleeping          |       |     1 |     1 ||     2
Armor: Robe              |     6 |       |       ||     6
       Leather armour    |     7 |     8 |    16 ||    31
Dodge: Dodged            |    33 |    19 |    23 ||    75

Inventory:

Hand Weapons
 a - a +1 dagger of speed
 b - a +4 mace of venom (weapon)
Armour
 f - a cursed +0 leather armour (worn)
 h - a +1 pair of gloves (worn)
Jewellery
 d - a ring of protection from magic (left hand)
 k - a +5 ring of slaying (right hand)
Scrolls
 c - 2 scrolls of fear
 i - 3 scrolls of amnesia
 n - 2 scrolls of remove curse
 r - 5 scrolls of identify
 t - a scroll of teleportation
 B - 2 scrolls of blinking


You were on level 6 of the Dungeon.
You worshipped Kikubaaqudgha.
Kikubaaqudgha was noncommittal.
You were not hungry.

You visited 2 branches of the dungeon, and saw 7 of its levels.

You collected 237 gold pieces.

Dungeon Overview and Level Annotations

Branches:
Dungeon (6/15)             Temple (1/1) D:6

Altars:
Cheibriados
Dithmenos
Elyvilon
Fedhas
Hepliaklqana
Kikubaaqudgha
Nemelex Xobeh
Okawaru
Qazlal
Ru
Sif Muna
Uskayaw
Wu Jian
Yredelemnul
The Shining One

Annotations:
D:4 1 runed translucent door, incide's ghost, amateur GnWn
D:5 Menkaure

....###).# .. ..
.....#...####.%. ...
................ ....
..^.........$..##....###
....h..........#........
.....r............%.....
......).%...............
......l@..........>.....
.....#$H.............###
......###.............#.
...... ##............#..
..... #.............##.
##### ##............##.
#................
##........#......
######..........


You could see a hippogriff, a hound, a leopard gecko and a quokka.

Notes
Turn   | Place    | Note
-------+----------+-------------------------------------------
     0 | D:1      | theanonym the Mummy Necromancer began the quest for the
                  | Orb.
     0 | D:1      | Reached XP level 1. HP: 13/13 MP: 4/4
   139 | D:1      | HP: 6/13 [rat (2)]
   452 | D:1      | Reached skill level 3 in Spellcasting
   455 | D:1      | Learned a level 1 spell: Animate Skeleton
   618 | D:1      | Reached XP level 2. HP: 19/19 MP: 1/6
  1709 | D:2      | Reached XP level 3. HP: 24/24 MP: 6/8
  1713 | D:2      | Found a sparkling altar of Nemelex Xobeh.
  1874 | D:2      | Learned a level 3 spell: Vampiric Draining
  2181 | D:3      | Reached skill level 4 in Spellcasting
  2214 | D:3      | HP: 12/24 [orc/+0 hand axe (4)]
  2222 | D:3      | HP: 5/24 [orc/+0 club (2)]
  2540 | D:3      | Reached XP level 4. HP: 30/30 MP: 2/10
  2695 | D:3      | Learned a level 4 spell: Animate Dead
  2726 | D:3      | Reached skill level 5 in Necromancy
  3259 | D:4      | Found a runed translucent door.
  3266 | D:4      | Reached skill level 1 in Armour
  3266 | D:4      | Reached XP level 5. HP: 35/35 MP: 4/12
  3928 | D:4      | Noticed incide's ghost (amateur GnWn)
  3953 | D:5      | Entered Level 5 of the Dungeon
  3954 | D:5      | Noticed an ogre
  3960 | D:5      | Killed an ogre
  3960 | D:5      | Reached skill level 5 in Spellcasting
  4093 | D:5      | Reached XP level 6. HP: 41/41 MP: 8/14
  4151 | D:5      | Found a transporter.
  4193 | D:5      | Found a transporter.
  4212 | D:5      | HP: 18/41 [ogre zombie/+0 giant club of venom (9)]
  4214 | D:5      | Reached skill level 2 in Armour
  4406 | D:5      | HP: 20/41 [gnoll sergeant zombie/+1 spear of venom (5)]
  4623 | D:5      | Noticed a sky beast
  4624 | D:5      | Found a snail-covered altar of Cheibriados.
  4632 | D:5      | Killed a sky beast
  4632 | D:5      | Reached skill level 6 in Necromancy
  4733 | D:5      | Noticed Menkaure
  4827 | D:5      | Noticed Edmund
  4841 | D:5      | Killed Edmund
  4841 | D:5      | Reached skill level 6 in Spellcasting
  4841 | D:5      | Reached XP level 7. HP: 39/46 MP: 5/16
  5183 | D:5      | Reached skill level 3 in Armour
  5672 | D:6      | Reached skill level 7 in Spellcasting
  5906 | D:6      | HP: 23/46 [centaur (3)]
  5906 | D:6      | Reached XP level 8. HP: 26/52 MP: 10/18
  6082 | D:6      | Reached skill level 7 in Necromancy
  6089 | D:6      | Found a staircase to the Ecumenical Temple.
  6095 | D:6      | Identified the Incunabulum of Confrontation and Evil
                  | Rituals
  6097 | D:6      | Noticed a hippogriff
  6099 | Temple   | Entered the Ecumenical Temple
  6127 | Temple   | Became a worshipper of Kikubaaqudgha
  6158 | D:6      | HP: 23/52 [hippogriff (5)]
  6160 | D:6      | HP: 8/52 [hippogriff (10)]
  6161 | D:6      | HP: 1/52 [hippogriff (6)]
  6161 | D:6      | Slain by a hippogriff

Vanquished Creatures
  Edmund (D:5)
  A water moccasin (D:6)
  A sky beast (D:5)
  2 ogres (D:5)
  A bullfrog zombie (D:5)
  A hound (D:5)
  2 orc wizards (D:5)
  2 orc priests
  A bullfrog skeleton (D:6)
  3 worker ants
  An ogre zombie (D:5)
  A worker ant zombie (D:5)
  A howler monkey zombie (D:6)
  4 adders
  A gnoll zombie (D:5)
  2 orc zombies (D:5)
  2 worms (D:4)
  A dart slug (D:2)
  3 leopard geckos
  17 orcs
  A ball python (D:2)
  3 giant cockroaches
  9 goblins
  5 hobgoblins
  5 jackals
  5 bats
  3 frilled lizards
  6 kobolds
  11 rats
96 creatures vanquished.

Vanquished Creatures (collateral kills)
  A centaur (D:6)
  An orc (D:5)
  A goblin (D:2)
  A bat (D:1)
  A leopard gecko skeleton (D:5)
  A rat (D:1)
6 creatures vanquished.

Grand Total: 102 creatures vanquished

Table legend:
 A = Turns spent in this place as a percentage of turns spent in the entire game.
 B = Non-inter-level travel turns spent in this place as a percentage of non-inter-level travel turns spent in the entire game.
 C = Inter-level travel turns spent in this place as a percentage of turns spent in this place.
 D = Turns resting spent in this place as a percentage of non-inter-level travel turns spent in this place.
 E = Turns spent auto-exploring this place as a percentage of non-inter-level travel turns spent in this place.
 F = Non-inter-level travel turns spent in this place divided by the number of levels of this place that you've seen.
                   A       B       C       D       E      F
               +-------+-------+-------+-------+-------+----------------------
         Total | 100.0 | 100.0 |   5.7 |  45.1 |  40.8 | 830.1
       Dungeon |  99.1 |  99.5 |   5.3 |  45.3 |  41.0 | 963.5
        Temple |   0.9 |   0.5 |  47.4 |   0.0 |   0.0 |  30.0
               +-------+-------+-------+-------+-------+----------------------
